 Dungeon Crawl Stone Soup version 0.30-a0-1157-g2cc9ac7196 (webtiles) character file.

Game seed: 14548965698018644162

24 NinjaNoafa the Trooper (level 3, -4/29 HPs)
             Began as a Human Monk on Apr 24, 2023.
             Slain by a gnoll
             ... wielding a +0 whip
              (9 damage)
             ... on level 1 of the Dungeon.
             The game lasted 00:01:59 (585 turns).

NinjaNoafa the Trooper (Human Monk)                  Turns: 585, Time: 00:02:00

Health: -4/29      AC:  2    Str: 11    XL:     3   Next: 15%
Magic:  3/3        EV: 10    Int: 12    God:
Gold:   39         SH:  0    Dex: 15    Spells: 2/2 levels left

rFire   . . .        j - +0 dagger
rCold   . . .        (no shield)
rNeg    . . .        b - +0 robe
rPois   .            (no helmet)
rElec   .            (no cloak)
rCorr   .            (no gloves)
SInv    +            (no boots)
Will    .....        (no amulet)
Stlth   +            h - ring of see invisible
HPRegen 0.24/turn    (no ring)
MPRegen 0.08/turn

%: no passive effects
@: confused, ambrosia-drunk, constricted
A: no striking features
a: no special abilities


You were on level 1 of the Dungeon.
You visited 1 branch of the dungeon, and saw 2 of its levels.

You collected 39 gold pieces.

Inventory:

Hand Weapons
 j - a +0 dagger (weapon)
Armour
 b - a +0 robe (worn)
Jewellery
 h - a ring of see invisible (left hand)
Scrolls
 a - a scroll of vulnerability {unknown}
 e - a scroll of identify {unknown}
 i - a scroll of enchant armour {unknown}
Potions
 f - a potion of haste {unknown}
 g - a potion of attraction {unknown}


   Skills:
 - Level 3.3 Fighting
 + Level 0.2(2.0) Short Blades
 - Level 3.3 Long Blades
 - Level 3.3 Dodging
 + Level 0.3 Stealth


You had 2 spell levels left.
You didn't know any spells.
Your spell library was empty.

Dungeon Overview and Level Annotations

Branches:
Dungeon (2/15)

Altars:

Shops:
D:1 =


Message History

* * * LOW HITPOINT WARNING * * *
Unknown command.
You escape the ball python's grasp.
The gnoll shouts!
The gnoll hits you with a +0 club.
* * * LOW HITPOINT WARNING * * *
There is a stone staircase leading up here.
Unknown command.
Unknown command.
The ball python bites you but does no damage.
The ball python closely misses you.
The kobold hits you with a +0 short sword.
* * * LOW HITPOINT WARNING * * *
The gnoll hits you with a +0 whip.
* * * LOW HITPOINT WARNING * * *
The ball python misses you. x2
You climb upwards.
There is a stone staircase leading down here.
Unknown command.
Unknown command.
Unknown command.
You are confused.
You feel invigorated. The kobold closely misses you.
The gnoll hits you but does no damage. The ball python barely misses you.
The ball python grabs you. The ball python constricts you.
* * * LOW HITPOINT WARNING * * *
The gnoll closely misses you.
Unknown command.
Unknown command.
You hit the kobold.
You kill the kobold!
The ball python barely misses you. The ball python constricts you.
The gnoll completely misses you. The gnoll hits you with a +0 whip.
* * * LOW HITPOINT WARNING * * *
You barely miss the gnoll. The ball python bites you.
* * * LOW HITPOINT WARNING * * *
The ball python constricts you. The gnoll hits you with a +0 club.
* * * LOW HITPOINT WARNING * * *
The gnoll hits you with a +0 whip!
You die...

##.......##..##..# #####
##.....###.#...##
########..#.### #....##.#
#######.#####.#
##...##...####.#
##........).##..#
###............#.##
#.........)@S..#.###
###'###.....g.g......#########
#.....#.........##.#..........
#.....#...##...###.##########.
#..<..##.####### #.##......###
#.....##.# #.##......[..
#.....##.# #.##......###
###+####.# ###.##......###
#......# #..............


You could see 2 gnolls and a ball python.

Vanquished Creatures
  A dart slug (D:1)
  A ball python (D:1)
  2 endoplasms (D:1)
  A goblin (D:1)
  2 hobgoblins (D:1)
  4 jackals (D:1)
  2 kobolds (D:1)
  4 bats (D:1)
  A frilled lizard (D:1)
  A rat (D:1)
19 creatures vanquished.

Notes
Turn   | Place    | Note
-------+----------+-------------------------------------------
     0 | D:1      | NinjaNoafa the Human Monk began the quest for the Orb.
     0 | D:1      | Reached XP level 1. HP: 18/18 MP: 1/1
    55 | D:1      | Reached XP level 2. HP: 20/24 MP: 2/2
   289 | D:1      | Reached XP level 3. HP: 27/29 MP: 3/3
   305 | D:1      | Found Viciar's Jewellery Shop.
   585 | D:1      | Slain by a gnoll

Illustrated notes

Levels and vault maps discovered:
D:1:      minmay_arrival_checkered_box, layout_rooms, serial_shops,
          nicolae_shop_gaudy_bauble
D:2:      layout_rooms, minmay_misc_feat_five

Action                     || total
---------------------------++-------
  Melee: Falchion          ||    42
         Dagger            ||    22
    Use: Potion            ||     1
 Armour: Robe              ||    20
  Dodge: Dodged            ||    60

Table legend: (Time is in decaauts)
 A = Elapsed time spent in this place.
 B = Non-inter-level travel time spent in this place.
 C = Inter-level travel time spent in this place.
 D = Time resting spent in this place.
 E = Time spent auto-exploring this place.
 F = Levels seen in this place.
 G = Mean time per level.
                   A        B        C        D        E       F      G
               +--------+--------+--------+--------+--------+-----+--------+
         Total |    588 |    559 |     29 |      0 |    384 |   2 |  294.0 |
       Dungeon |    588 |    559 |     29 |      0 |    384 |   2 |  294.0 |
               +--------+--------+--------+--------+--------+-----+--------+

Top non-repeatable levels by time:
     D:1: 575 daAuts
     D:2: 12 daAuts
